 Dungeon Crawl Stone Soup version 0.28.0-43-g3370ac3207 (webtiles) character file.

Game seed: 5761918081927390292

3315 Descartes the Covert (level 9, -1/37 HPs)
             Began as a Felid Wanderer on Mar 22, 2022.
             Was a Priest of Elyvilon.
             Slain by a wolf (3 damage)
             ... on level 8 of the Dungeon.
             The game lasted 00:25:03 (13120 turns).

Descartes the Covert (Felid Wanderer)              Turns: 13120, Time: 00:25:04

Health: -1/37      AC:  2    Str: 12    XL:     9   Next: 71%
Magic:  9/11       EV: 31    Int: 13    God:    Elyvilon [***...]
Gold:   407        SH:  0    Dex: 29    Spells: 0/10 levels left
                                        Lives:  0   Deaths: 2

rFire   . . .      SeeInvis +     - Unarmed
rCold   . . .      Faith    .   (shield unavailable)
rNeg    . . .      Spirit   .   (armour unavailable)
rPois   .          Reflect  .   (helmet unavailable)
rElec   .          Harm     .   (cloak unavailable)
rCorr   .          Rampage  .   (gloves unavailable)
Will    +....                   (boots unavailable)
Stlth   ++++++....              (no amulet)
HPRegen 0.12/turn               l - +6 ring of dexterity
MPRegen 0.12/turn               q - +6 ring of dexterity

@: appendages, quick
A: horns 2, very small, claws 1, fangs 3, see invisible, speed 1, shaggy fur 2,
stealthy paws, no weapons or thrown items, no armour, multi-lived
a: End Transformation, Renounce Religion, Purification, Heal Other, Heal Self


You were on level 8 of the Dungeon.
You worshipped Elyvilon.
Elyvilon was most pleased with you.
You had temporarily grown beastly horns.
You visited 3 branches of the dungeon, and saw 10 of its levels.

You collected 407 gold pieces.

Inventory:

Missiles
 m - 174 stones
Jewellery
 l - a +6 ring of dexterity (left paw)
 q - a +6 ring of dexterity (right paw)
Wands
 w - a wand of iceblast (6)
 y - a wand of polymorph (12)
Scrolls
 c - 5 scrolls of teleportation
 d - 3 scrolls of identify
 g - a scroll of acquirement {unknown}
 i - 2 scrolls of enchant weapon
 k - 2 scrolls of fear
 n - a scroll of enchant armour {unknown}
 o - 2 scrolls of immolation {unknown}
 p - 3 scrolls of blinking
 r - a scroll of summoning {unknown}
 u - 2 scrolls of magic mapping {unknown}
 z - a scroll of amnesia {unknown}
Potions
 a - 5 potions of curing
 b - 2 potions of lignification
 e - 2 potions of haste {unknown}
 f - 2 potions of might
 h - 2 potions of resistance
 j - a potion of brilliance {unknown}
 s - a potion of mutation {unknown}
 t - 3 potions of flight {unknown}
 v - a potion of degeneration {unknown}
 x - a potion of attraction {unknown}


   Skills:
 - Level 3.0 Fighting
 * Level 10.7 Dodging
 * Level 11.6 Stealth
 * Level 8.3 Unarmed Combat
 - Level 1.0 Spellcasting
 + Level 8.0 Translocations
 + Level 8.6 Transmutations
 + Level 2.0 Poison Magic


You couldn't memorise any spells.
You knew the following spells:

 Your Spells              Type           Power      Damage    Failure   Level
a - Beastly Appendage     Tmut           46%        N/A       1%          1
b - Spider Form           Tmut/Pois      14%        N/A       10%         3
c - Apportation           Tloc           42%        N/A       1%          1
d - Alistair's Intoxicat  Tmut/Pois      9%         N/A       65%         5

Your spell library contained the following spells:

 Spells                   Type           Power      Damage    Failure   Level
 Passage of Golubria      Tloc           21%        N/A       11%         4
 Ignite Poison            Fire/Tmut/Pois 9%         N/A       21%         3
 Summon Small Mammal      Summ           0%         N/A       28%         1
 Ensorcelled Hibernation  Hex/Ice        0%         N/A       38%         2
 Ice Form                 Ice/Tmut       11%        N/A       43%         4
 Call Canine Familiar     Summ           0%         N/A       63%         3
 Summon Guardian Golem    Hex/Summ       0%         N/A       63%         3
 Tukima's Dance           Hex            0%         N/A       63%         3
 Yara's Violent Unravell  Hex/Tmut       5%         3d4       80%         5
 Anguish                  Hex/Necr       0%         N/A       95%         4
 Hailstorm                Conj/Ice       0%         3d3       95%         4
 Simulacrum               Ice/Necr       0%         N/A       100%        6


Dungeon Overview and Level Annotations

Branches:
Dungeon (8/15)             Temple (1/1) D:5            Lair (1/6) D:8

Altars:
Ashenzari
Cheibriados
Elyvilon
Fedhas
Hepliaklqana
Kikubaaqudgha
Makhleb
Nemelex Xobeh
Okawaru
Qazlal
Ru
Sif Muna
Trog
Uskayaw
Vehumet
Wu Jian
Xom
Yredelemnul
Zin
The Shining One

Shops:
D:3 *   D:5 *


Innate Abilities, Weirdness & Mutations

You have temporarily grown beastly horns.
You have sharp claws.
You have razor-sharp teeth.
You have supernaturally acute eyesight. (SInv)
You cover ground quickly. (Speed+)
You are covered in thick fur. (AC +2)
Your paws help you pounce on unaware monsters.
You are incapable of wielding weapons or throwing items.
You cannot wear armour.
You gain extra lives every three experience levels.


Message History

You turn into a venomous arachnid creature.
The wolf closely misses you. The wolf bites you.
You hit the wolf but do no damage.
The wolf is poisoned.
The wolf misses you.
You hit the wolf.
The wolf is poisoned.
The wolf is lightly wounded.
The wolf bites you.
* * * LOW HITPOINT WARNING * * *
The wolf completely misses you. The wolf completely misses you.
The wolf completely misses you. The wolf completely misses you. x2
The wolf howls!
Your transformation is almost over.
The wolf completely misses you.
A wolf comes into view.
The wolf misses you.
A wolf comes into view.
The wolf completely misses you.
There is a staircase back to the Dungeon, spattered with blood here.
The wolf looks more healthy. x2; The wolf completely misses you. x4
The wolf misses you.
You climb upwards.
Welcome back to the Dungeon!
There is a staircase to the Lair, spattered with blood here.
You hit the wolf.
You kill the wolf!
The wolf closely misses you. The wolf completely misses you. x2
The wolf bites you!
* * * LOW HITPOINT WARNING * * *
You feel better.
The wolf completely misses you. x2; The wolf misses you.
You barely miss the wolf.
The wolf is severely wounded.
Your transformation has ended.
The wolf bites you. x2
* * * LOW HITPOINT WARNING * * *
The wolf bites you!
* * * LOW HITPOINT WARNING * * *
Casting: Spider Form (dangerous; 10% risk of failure)
Confirm with . or Enter, or press ? or * to list all spells.
You grow a pair of large bovine horns.
The wolf bites you.
You die...

....##.# #......##.###########.#
^...##.# ##.#......##..........#
###....# #.)####..##...........
#.#### ##)# #..##........... #.#
#)# #..##.........#.
#.#########)## #..###....##'#..
#.........#..# #............#.[
#########.##.###............#..
#.##.h@#.......######..
###.###h.#.......##......
####...##.........<.##...... ###
##....####.#.##......#####''#
#.###.##..##.[.#..#.#######......
.......#.##..####.#.# ##.......
###.##..###....##...# ##........
.....#.####....###..# ##.........
#.##...#......(###..###..........


You could see 2 wolves.

Vanquished Creatures
  A hydra (D:7)
  2 cane toads
  8 komodo dragons
  Maggie (D:7)
  Prince Ribbit (D:5)
  2 water moccasins
  3 orc warriors
  A black bear (D:7)
  2 ice beasts
  A sky beast (D:6)
  2 ogres
  2 wolves
  3 kobold brigands
  A phantom (D:7)
  3 bullfrogs
  2 gnoll sergeants (D:8)
  4 scorpions
  A wyvern zombie (D:8)
  2 wyvern skeletons (D:6)
  A water moccasin skeleton (D:7)
  3 wights (D:8)
  2 vampire bats (D:6)
  A bullfrog zombie (D:5)
  A jelly (D:6)
  3 centaur zombies
  3 hounds
  2 orc priests
  3 bullfrog skeletons
  A centaur skeleton (D:4)
  3 iguanas
  7 orc wizards
  2 killer bee zombies
  A hound zombie (D:5)
  A mummy (D:8)
  A howler monkey zombie (D:8)
  13 gnolls
  9 adders
  3 worms
  5 dart slugs
  15 orcs
  6 ball pythons
  11 bats
  An endoplasm (D:2)
  2 giant cockroaches
  7 goblins
  2 hobgoblins
  4 jackals (D:1)
  20 kobolds
  2 quokkas
  3 frilled lizards
  2 rats
182 creatures vanquished.

Vanquished Creatures (others)
  A fungus (Lair:1)
  A plant (Lair:1)
  3 withered plants (D:8)
5 creatures vanquished.

Grand Total: 187 creatures vanquished

Notes
Turn   | Place    | Note
-------+----------+-------------------------------------------
     0 | D:1      | Descartes the Felid Wanderer began the quest for the Orb.
     0 | D:1      | Descartes set off with the following items: a potion of
                  | curing, a potion of lignification; and the following spell
                  | memorised: Beastly Appendage; and the following spells
                  | available to memorise: Spider Form, Ignite Poison
     0 | D:1      | Reached XP level 1. HP: 10/10 MP: 3/3
   264 | D:1      | Reached skill level 1 in Dodging
   264 | D:1      | Reached skill level 1 in Stealth
   268 | D:1      | Reached XP level 2. HP: 14/14 MP: 4/4
   576 | D:1      | Found a faded altar of an unknown god.
   974 | D:2      | Reached skill level 1 in Translocations
   974 | D:2      | Reached XP level 3. HP: 6/17 MP: 3/5
   978 | D:2      | Learned a level 3 spell: Spider Form
  1653 | D:2      | Reached skill level 2 in Stealth
  1873 | D:2      | Reached XP level 4. HP: 10/21 MP: 6/6
  2276 | D:2      | HP: 1/21 [poisoned by an adder]
  2711 | D:3      | Found Xiyvuw's General Store.
  3129 | D:4      | Noticed a water moccasin
  3144 | D:3      | Killed a water moccasin
  3145 | D:3      | Reached skill level 3 in Stealth
  3145 | D:3      | Reached XP level 5. HP: 4/24 MP: 7/7
  3548 | D:4      | Found a hazy altar of Hepliaklqana.
  3633 | D:4      | Found a radiant altar of Vehumet.
  3652 | D:4      | Found an ancient bone altar of Kikubaaqudgha.
  3670 | D:4      | Found a shimmering blue altar of Sif Muna.
  3677 | D:4      | Gained mutation: You are covered in thick fur. (AC +2)
                  | [Felid growth]
  3677 | D:4      | Reached XP level 6. HP: 26/28 MP: 6/8
  3804 | D:4      | Reached skill level 4 in Stealth
  4526 | D:5      | Entered Level 5 of the Dungeon
  4533 | D:5      | Found Memuu's Assorted Antiques.
  4578 | D:5      | Noticed an ice beast
  4597 | D:5      | Killed an ice beast
  5250 | D:5      | Noticed Prince Ribbit
  5450 | D:5      | Reached XP level 7. HP: 30/31 MP: 7/9
  5760 | D:5      | Reached skill level 5 in Dodging
  5760 | D:5      | Reached skill level 5 in Stealth
  6068 | D:5      | Found a staircase to the Ecumenical Temple.
  6080 | Temple   | Entered the Ecumenical Temple
  6319 | Temple   | Became a worshipper of Elyvilon the Healer
  6444 | D:5      | Killed Prince Ribbit
  6671 | D:5      | Found a hide-covered altar of Uskayaw.
  6682 | D:5      | Reached skill level 6 in Stealth
  6949 | D:5      | Reached XP level 8. HP: 28/34 MP: 10/10
  7252 | D:5      | Found a blossoming altar of Fedhas.
  7435 | D:6      | Reached skill level 5 in Unarmed Combat
  7528 | D:6      | Reached * piety under Elyvilon
  7559 | D:6      | Reached skill level 7 in Stealth
  7730 | D:6      | Found a broken altar of Ashenzari.
  7750 | D:6      | Reached skill level 5 in Translocations
  8365 | D:7      | Reached skill level 8 in Stealth
  8366 | D:7      | Noticed a four-headed hydra
  8507 | D:7      | Killed a four-headed hydra
  8508 | D:7      | Reached XP level 9. HP: 7/37 MP: 11/11
  8860 | D:7      | Elyvilon protects you from harm!
  9122 | D:7      | Reached skill level 9 in Stealth
  9254 | D:7      | Found an iron altar of Okawaru.
  9279 | D:7      | Reached ** piety under Elyvilon
  9328 | D:7      | Noticed Maggie
  9336 | D:7      | Killed Maggie
  9603 | D:7      | Found a sacrificial altar of Ru.
  9605 | D:7      | Found a shimmering altar of Xom.
  9605 | D:7      | Found an ancient bone altar of Kikubaaqudgha.
  9607 | D:7      | Found a hide-covered altar of Uskayaw.
  9607 | D:7      | Found a hazy altar of Hepliaklqana.
  9607 | D:7      | Found a sparkling altar of Nemelex Xobeh.
 10021 | D:8      | Found a staircase to the Lair.
 10036 | D:8      | Reached skill level 10 in Stealth
 10049 | Lair:1   | Entered Level 1 of the Lair of Beasts
 10049 | Lair:1   | Noticed a komodo dragon
 10049 | Lair:1   | Noticed a komodo dragon
 10049 | Lair:1   | Noticed a komodo dragon
 10049 | Lair:1   | Noticed a komodo dragon
 10053 | Lair:1   | Killed a komodo dragon
 10058 | Lair:1   | Noticed a cane toad
 10065 | D:8      | Reached XP level 10. HP: 36/42 MP: 12/12
 10229 | D:8      | Slain by a gnoll sergeant
 10230 | D:8      | Reached XP level 9. HP: -3/37 MP: 11/11
 10623 | D:8      | Learned a level 1 spell: Apportation
 10629 | D:8      | Learned a level 5 spell: Alistair's Intoxication
 10845 | D:8      | Reached *** piety under Elyvilon
 11259 | D:8      | Elyvilon protects you from harm!
 11470 | D:6      | Found a burning altar of Makhleb.
 11470 | D:6      | Found a basalt altar of Yredelemnul.
 11730 | D:7      | Killed a komodo dragon
 11778 | D:7      | Killed a komodo dragon
 11953 | D:8      | Killed a komodo dragon
 11954 | D:8      | Reached skill level 10 in Dodging
 11954 | D:8      | Reached skill level 1 in Poison Magic
 11970 | Lair:1   | Killed a cane toad
 11971 | Lair:1   | Reached skill level 11 in Stealth
 12134 | Lair:1   | Noticed a komodo dragon
 12135 | Lair:1   | Noticed a komodo dragon
 12141 | Lair:1   | Noticed a komodo dragon
 12143 | Lair:1   | Noticed a cane toad
 12148 | D:8      | Mangled by a komodo dragon
 12149 | D:8      | Reached XP level 8. HP: -8/34 MP: 9/10
 12170 | D:8      | Killed a komodo dragon
 12171 | D:8      | Reached XP level 9. HP: 27/37 MP: 8/11
 12288 | D:7      | Killed a cane toad
 12536 | D:7      | Killed a komodo dragon
 12922 | Lair:1   | Noticed a komodo dragon
 12937 | Lair:1   | Elyvilon protects you from harm!
 12938 | Lair:1   | Killed a komodo dragon
 12947 | Lair:1   | Killed a komodo dragon
 13120 | D:8      | Slain by a wolf

Illustrated notes

Levels and vault maps discovered:
D:1:      dpeg_arrival_erosion, layout_rooms,
          shapermc_ecumenical_altar_mp_vishouse
D:2:      layout_loops_ring, nicolae_figureground_pulse
D:3:      layout_rooms, serial_shops, shop
D:4:      layout_basic, palyth_temple_overflow_mages, kennysheep_mini,
          kennysheep_minor_cross, nrook_uturn
D:5:      layout_loops_ring, lemuel_coloured_pillars_altar,
          eat_drink_and_be_merry_uskayaw, minmay_temple_entry_offerings,
          serial_shops, shop, uniq_prince_ribbit1
D:6:      layout_loops_ring, nicolae_overflow_hidden_temple,
          mainiacjoe_overflow_six_doors_small, minmay_misc_feat_encased,
          roderic_batcave
D:7:      layout_cave_pools, kennysheep_okawaru_gauntlet, doesnt_xom_only_xom,
          minivault_23, uniq_maggie
D:8:      layout_basic, lair_entry_dummy, serial_undead, serial_undead_f,
          serial_undead_e, serial_undead_b, serial_undead_e, serial_undead_d,
          serial_undead_e, nicolae_concentric_dashed_squares_mild,
          kennysheep_cross_room, chequers_serial_rivers_large_b
Temple:   jpeg_temple_island
Lair:1:   layout_cave_pods, chequers_serial_rivers_room_a, beast_lair_carwin_10,
          grunt_megastairs_1

Skill      XL: |  1  2  3  4  5  6  7  8  9 10 |
---------------+-------------------------------+-----
Dodging        | 1 2 3 4 6 8 10 | 10.7
Stealth        | 1 2 3 4 6 8 11 | 11.6
Translocations | 1 2 3 4 5 8 |  8.0
Unarmed Combat | 2 3 4 6 8 |  8.3
Transmutations | 6 7 8 |  8.6
Poison Magic   | 2 |  2.0
Fighting       | |  3.0
Spellcasting   | |  1.0

Action                   |  1- 3 |  4- 6 |  7- 9 | 10-12 || total
-------------------------+-------+-------+-------+-------++-------
Melee: Unarmed           |    84 |   109 |   446 |    10 ||   649
       Headbutt          |    12 |    25 |    59 |     2 ||    98
       Bite              |    14 |    14 |    32 |       ||    60
       Punch             |     1 |     3 |    11 |       ||    15
 Cast: Beastly Appendage |    25 |    22 |    57 |     2 ||   106
       Spider Form       |       |     1 |    23 |       ||    24
Evoke: Wand              |       |       |     5 |       ||     5
  Use: Potion            |       |       |     3 |       ||     3
       Scroll            |       |       |     5 |       ||     5
 Stab: Sleeping          |     2 |     8 |    25 |     4 ||    39
Armor: Skin              |     5 |     6 |     9 |       ||    20
Dodge: Dodged            |    52 |    88 |   489 |    14 ||   643
